 Dungeon Crawl Stone Soup version 0.25-a0-597-gb30770a0c0 (webtiles) character file.

Game seed: 6163537929197960328, levelgen mode: deterministic

723 Analysis the Archer (level 7, 0/60 HPs)
             Began as a Centaur Hunter on Mar 15, 2020.
             Was a Follower of Okawaru.
             Slain by a quasit (2 damage)
             ... on level 3 of the Dungeon.
             The game lasted 00:58:06 (8662 turns).

Analysis the Archer (Centaur Hunter)                Turns: 8662, Time: 00:58:06

Health: 0/60       AC:  7    Str: 17    XL:     7   Next: 43%
Magic:  8/8        EV:  1    Int: 10    God:    Okawaru [*.....]
Gold:   102        SH:  0    Dex: -29 (9) Spells: 6/6 levels left

rFire    . . .     SeeInvis .   b - +0 short sword
rCold    . . .     Gourm    .   (no shield)
rNeg     . . .     Faith    .   m - +0 chain mail
rPois    .         Spirit   .   (no helmet)
rElec    .         Reflect  .   (no cloak)
rCorr    .         Harm     .   (no gloves)
MR       .....                  (no barding)
Stlth    ..........             (no amulet)
HPRegen  0.20/turn              (no ring)
MPRegen  0.11/turn              (no ring)

@: slowed, lost dexterity, heavily drained
A: large, hooves 3, deformed body, speed 2, tough skin 3
a: Heroism, Renounce Religion


You were on level 3 of the Dungeon.
You worshipped Okawaru.
Okawaru was aware of your devotion.
You were not hungry.

You visited 1 branch of the dungeon, and saw 5 of its levels.

You collected 102 gold pieces.

Inventory:

Hand Weapons
 a - a +1 shortbow
 b - a +0 short sword (weapon)
Armour
 m - a +0 chain mail (worn)
 t - a cursed +0 scale mail
Jewellery
 j - a cursed ring of attention {unknown}
Wands
 p - a wand of enslavement (5)
Scrolls
 e - a scroll of enchant armour {unknown}
 g - 3 scrolls of identify {unknown}
 k - a scroll of immolation {unknown}
 o - a scroll of fear {unknown}
 s - 2 scrolls of remove curse {unknown}
Potions
 h - a potion of magic {unknown}
 i - a potion of invisibility {unknown}
 l - 2 potions of cancellation {unknown}
 n - a potion of might
 q - a potion of degeneration {unknown}
 r - a potion of lignification {unknown}
Comestibles
 f - 5 rations


   Skills:
 + Level 4.8(2.0) Fighting
 * Level 10.0(6.8) Bows
 - Level 1.3(0.0) Dodging
 - Level 0.4(0.0) Stealth
 + Level 2.2(0.0) Invocations


You had 6 spell levels left.
You didn't know any spells.
Your spell library was empty.

Dungeon Overview and Level Annotations

Branches:
Dungeon (5/15)
 Temple: D:4-7

Altars:
Ashenzari
Fedhas
Makhleb
Nemelex Xobeh
Okawaru
The Shining One

Annotations:
D:4 1 runed translucent door, Crazy Yiuf, Edmund, Pikel


Innate Abilities, Weirdness & Mutations

You have hooves in place of feet.
Armour fits poorly on your strangely shaped body.
You cover ground very quickly.
You have extremely tough skin. (AC +3)


Message History

The quasit claws you but does no damage.
The quasit claws you.
* * * LOW HITPOINT WARNING * * *
The quasit bites you but does no damage.
The quasit claws you but does no damage. x2
You closely miss the quasit.
The quasit bites you but does no damage.
The quasit claws you but does no damage.
The quasit claws you.
* * * LOW HITPOINT WARNING * * *
The quasit bites you but does no damage.
The quasit claws you.
* * * LOW HITPOINT WARNING * * *
You feel clumsy.
The quasit claws you but does no damage.
You barely miss the quasit.
The quasit bites you but does no damage.
The quasit claws you but does no damage.
The quasit claws you.
You die...

# #.# # #.# #
#.# #.# #.#
#.# #.#
#.###########
#@5.........#
###########.#
#.######
#.......
#.###### ###


You could see a quasit.

Vanquished Creatures
  An ogre (D:3)
  A phantom (D:4)
  A hound (D:3)
  A howler monkey (D:3)
  An orc priest (D:4)
  An orc wizard (D:4)
  A hound skeleton (D:4)
  A worker ant zombie (D:5)
  4 gnolls (D:3)
  5 adders
  2 oozes
  A worm (D:2)
  3 dart slugs
  4 leopard geckos
  13 orcs
  5 giant cockroaches
  14 goblins
  9 hobgoblins
  5 jackals (D:1)
  A quokka (D:3)
  A ball python (D:3)
  5 bats
  7 frilled lizards
  A jackal skeleton (D:4)
  5 kobolds
  7 rats
100 creatures vanquished.

Vanquished Creatures (collateral kills)
  Sigmund (D:4)
  A worker ant (D:4)
2 creatures vanquished.

Grand Total: 102 creatures vanquished

Notes
Turn   | Place    | Note
-------+----------+-------------------------------------------
     0 | D:1      | Analysis the Centaur Hunter began the quest for the Orb.
     0 | D:1      | Reached XP level 1. HP: 17/17 MP: 1/1
   245 | D:1      | Reached XP level 2. HP: 19/24 MP: 2/2
   402 | D:1      | Reached skill level 6 in Bows
   966 | D:1      | Reached XP level 3. HP: 30/30 MP: 3/3
  1616 | D:1      | Found a shattered altar of Ashenzari.
  3021 | D:2      | Reached XP level 4. HP: 11/37 MP: 4/4
  3439 | D:2      | Reached skill level 7 in Bows
  3803 | D:2      | Found a burning altar of Makhleb.
  3804 | D:2      | Found a sparkling altar of Nemelex Xobeh.
  3806 | D:2      | Found an iron altar of Okawaru.
  3811 | D:2      | Became a worshipper of Warmaster Okawaru
  4793 | D:3      | Found a glowing golden altar of the Shining One.
  5112 | D:3      | Reached XP level 5. HP: 45/45 MP: 5/5
  5725 | D:3      | Found a blossoming altar of Fedhas.
  5823 | D:3      | Reached skill level 8 in Bows
  5877 | D:4      | Noticed Sigmund
  5877 | D:4      | Noticed an ogre
  5877 | D:4      | Noticed a phantom
  5910 | D:3      | Killed an ogre
  5910 | D:3      | Reached XP level 6. HP: 43/52 MP: 6/6
  6016 | D:4      | Noticed Edmund
  6364 | D:5      | Entered Level 5 of the Dungeon
  6394 | D:4      | Found a runed translucent door.
  6395 | D:4      | Noticed Crazy Yiuf
  6604 | D:4      | Reached skill level 9 in Bows
  7299 | D:4      | Noticed a slave
  7299 | D:4      | Noticed a slave
  7300 | D:4      | Noticed a slave
  7301 | D:4      | Noticed Pikel
  7302 | D:4      | Noticed a slave
  7519 | D:4      | HP: 2/52 [poisoned by an adder]
  7527 | D:4      | HP: 2/52 [poisoned by an adder]
  7774 | D:4      | Reached * piety under Okawaru
  7774 | D:4      | Reached skill level 1 in Invocations
  7858 | D:4      | Killed Sigmund
  7858 | D:4      | Reached XP level 7. HP: 23/60 MP: 6/8
  8108 | D:3      | Reached skill level 10 in Bows
  8418 | D:5      | Lost dexterity.
  8661 | D:3      | HP: 2/60 [quasit (2)]
  8662 | D:3      | Slain by a quasit

Levels and vault maps discovered:
D:1:      dpeg_arrival_brainrot, layout_loops_corners,
          nicolae_ashenzari_panopticon
D:2:      layout_loops_ring, minitemple
D:3:      layout_basic, tso_oasis_becter, nicolae_overflow_crystal_walls
D:4:      layout_rooms, first_ration, uniq_edmund, uniq_sigmund,
          uniq_crazy_yiuf_cottage, uniq_pikel
D:5:      layout_basic, vehumet_crystals, lemuel_crystal_altar,
          nicolae_qazlal_style_of_elements

Skill      XL: |  1  2  3  4  5  6  7 |
---------------+----------------------+-----
Bows           | 6 7 8 9 10 | 10.0
Fighting       | 3 4 |  4.8
Invocations    | 1 2 |  2.2
Dodging        | |  1.3
Stealth        | |  0.4

Action                   |  1- 3 |  4- 6 |  7- 9 || total
-------------------------+-------+-------+-------++-------
Melee: Short sword       |   151 |   251 |    56 ||   458
       Kick              |    37 |    34 |     5 ||    76
 Fire: Shortbow          |    15 |    78 |    15 ||   108
Evoke: Wand              |       |     4 |     2 ||     6
  Eat: Chunk             |     5 |    10 |       ||    15
       Ration            |       |     1 |     1 ||     2
Armor: Leather armour    |    57 |    56 |       ||   113
       Chain mail        |       |   154 |   375 ||   529
Dodge: Dodged            |    70 |   116 |    35 ||   221

Table legend:
 A = Non-vault XP
 B = Vault XP
 C = Vault XP percentage of total XP
 D = Non-vault monster count
 E = Vault monster count
 F = Vault count percentage of total count
                 A         B        C        D         E       F
            +---------+---------+-------+---------+---------+-------
      Total |     890 |     143 |  13.8 |     100 |       2 |   2.0
            +---------+---------+-------+---------+---------+-------
        D:1 |      60 |       2 |   3.2 |      29 |       1 |   3.3
        D:2 |      75 |       0 |   0.0 |      22 |       0 |   0.0
        D:3 |     403 |       0 |   0.0 |      33 |       0 |   0.0
        D:4 |     328 |     141 |  30.1 |      12 |       1 |   7.7
        D:5 |      24 |       0 |   0.0 |       4 |       0 |   0.0
            +---------+---------+-------+---------+---------+-------
